 Dungeon Crawl Stone Soup version 0.22-a0-570-g58866f5 (webtiles) character file.

1742 Hebeh the Chopper (level 8, -4/71 HPs)
             Began as a Minotaur Fighter on June 30, 2018.
             Was a Follower of Trog.
             Slain by Joseph
             ... wielding a +0 quarterstaff
              (11 damage)
             ... on level 7 of the Dungeon.
             The game lasted 00:20:41 (6436 turns).

Hebeh the Chopper (Minotaur Fighter)                Turns: 6436, Time: 00:20:41

Health: -4/71      AC:  7    Str: 22    XL:     8   Next: 77%
Magic:  7/7        EV:  8    Int:  5    God:    Trog [*.....]
Gold:   572        SH: 10    Dex: 11    Spells: 7/7 levels left

rFire    . . .     SeeInvis .   a - +2 hand axe (chop)
rCold    . . .     Gourm    .   c - +0 shield
rNeg     . . .     Faith    .   m - +0 scale mail
rPois    .         Spirit   .   (helmet restricted)
rElec    .         Reflect  .   (no cloak)
rCorr    +         Harm     .   (no gloves)
MR       .....                  (no boots)
Stlth    ..........             (no amulet)
HPRegen  0.21/turn              (no ring)
MPRegen  0.10/turn              j - ring of resist corrosion

@: very slightly contaminated
A: retaliatory headbutt, horns 2
a: Berserk, Renounce Religion


You were on level 7 of the Dungeon.
You worshipped Trog.
Trog was aware of your devotion.
You were very hungry.

You visited 2 branches of the dungeon, and saw 8 of its levels.
You also visited: Ossuary.

You collected 572 gold pieces.

Inventory:

Hand Weapons
 a - a +2 hand axe of chopping (weapon)
 b - a +1 whip of flaming
 g - a +1 spear of freezing
 y - a +0 war axe
 E - a +3 morningstar of freezing
Missiles
 r - 4 javelins (quivered)
Armour
 c - a +0 shield (worn)
 m - a +0 scale mail (worn)
Jewellery
 j - a ring of resist corrosion (right hand)
Scrolls
 e - 7 scrolls of identify {unknown}
 k - 2 scrolls of noise {unknown}
 l - 5 scrolls of remove curse
 n - 2 scrolls of blinking
 o - a scroll of magic mapping {unknown}
 s - 2 scrolls of enchant armour {unknown}
 t - 3 scrolls of fog {unknown}
 v - 3 scrolls of amnesia {unknown}
 C - a scroll of fear {unknown}
 D - a scroll of enchant weapon {unknown}
Potions
 d - 3 potions of might
 h - a potion of curing {unknown}
 i - a potion of haste {unknown}
 p - a potion of resistance {unknown}
 q - a potion of invisibility {unknown}
 u - 2 potions of heal wounds {unknown}
 w - a potion of flight {unknown}
 x - 2 potions of mutation {unknown}
 z - a potion of degeneration {unknown}
 A - a potion of brilliance {unknown}
 B - a potion of lignification {unknown}
Comestibles
 f - 3 rations


   Skills:
 + Level 6.6 Fighting
 + Level 6.7(7.4) Axes
 + Level 4.7(6.4) Polearms
 + Level 3.8 Throwing
 + Level 6.7 Armour
 + Level 6.6 Shields


You had 7 spell levels left.
You didn't know any spells.
Your spell library was empty.

Dungeon Overview and Level Annotations

Branches:
Dungeon (7/15)             Temple (1/1) D:4

Altars:
Dithmenos
Fedhas
Gozag
Hepliaklqana
Nemelex Xobeh
Qazlal
Trog
Uskayaw
Vehumet
Xom
Yredelemnul
Zin

Annotations:
D:7 Joseph


Innate Abilities, Weirdness & Mutations

You reflexively headbutt those who attack you in melee.
You have a pair of horns on your head.


Message History

Joseph is moderately wounded.
You closely miss the crimson imp. You block the crimson imp's attack.
Joseph hits you with an uncursed quarterstaff.
* * * LOW HITPOINT WARNING * * *
You hit Joseph. You headbutt Joseph.
Joseph is heavily wounded.
You slash the crimson imp!
The crimson imp hits you but does no damage.
You block Joseph's attack.
You hit Joseph. Your headbutt misses Joseph.
Joseph is severely wounded.
You closely miss the crimson imp. You block the crimson imp's attack.
Joseph shouts, "Wow!"
Joseph hits you but does no damage.
You closely miss Joseph. Your headbutt misses Joseph.
Joseph is severely wounded.
You hit the crimson imp but do no damage.
The crimson imp blinks!
Joseph hits you with an uncursed quarterstaff!
You die...

#...........
#............##
#..............
####...<........##
..................
..[..............#
..........(.......
....%............#
......@@ยง.<..(....
..5..............#
....############.#
... .


You could see Joseph and a crimson imp.

Vanquished Creatures
  A hungry ghost (D:6)
  A sky beast (D:6)
  A phantom (D:4)
  3 ogres
  A centaur (D:6)
  A bullfrog (D:3)
  A scorpion (D:4)
  3 killer bees (D:6)
  4 wights (D:6)
  A howler monkey (D:5)
  A crimson imp (D:5)
  2 centaur zombies (Ossuary)
  A hound (D:5)
  An orc priest (D:5)
  4 orc wizards
  2 iguanas
  2 worker ants (D:4)
  3 big kobold zombies (Ossuary)
  3 mummies
  Robin (D:2)
  A gnoll (D:1)
  2 adders
  2 oozes (D:1)
  An adder skeleton (D:4)
  2 worms
  4 dart slugs
  2 leopard geckos
  10 orcs
  6 giant cockroaches
  2 gnoll zombies (Ossuary)
  14 goblins
  13 hobgoblins
  13 jackals
  2 quokkas
  5 bats
  6 frilled lizards
  4 goblin zombies (Ossuary)
  11 kobolds
  A leopard gecko skeleton (D:5)
  3 orc zombies (Ossuary)
  8 rats
149 creatures vanquished.

Notes
Turn   | Place    | Note
-------+----------+-------------------------------------------
     0 | D:1      | Hebeh the Minotaur Fighter began the quest for the Orb.
     0 | D:1      | Reached XP level 1. HP: 19/19 MP: 0/0
    34 | D:1      | Reached XP level 2. HP: 24/27 MP: 1/1
   305 | D:1      | Reached XP level 3. HP: 33/33 MP: 2/2
   789 | D:2      | Found an opulent altar of Gozag.
   803 | D:2      | Reached XP level 4. HP: 39/40 MP: 3/3
   963 | D:2      | Noticed Robin
   994 | D:2      | Killed Robin
  1217 | D:2      | Found a shimmering altar of Xom.
  1664 | D:3      | Noticed a bullfrog
  1671 | D:3      | Killed a bullfrog
  1671 | D:3      | Reached XP level 5. HP: 42/47 MP: 4/4
  2152 | D:4      | Reached skill level 1 in Polearms
  2152 | D:4      | Reached skill level 1 in Throwing
  2160 | D:4      | Noticed an ogre
  2163 | D:4      | Reached XP level 6. HP: 44/53 MP: 5/5
  2168 | D:4      | Reached skill level 5 in Armour
  2194 | D:4      | Found a staircase to the Ecumenical Temple.
  2219 | Temple   | Entered the Ecumenical Temple
  2230 | Temple   | Became a worshipper of Trog the Wrathful
  2361 | D:4      | Reached skill level 5 in Shields
  2523 | D:4      | Reached skill level 5 in Fighting
  2562 | D:4      | Reached skill level 5 in Axes
  2958 | D:4      | Reached XP level 7. HP: 61/61 MP: 6/6
  3122 | D:5      | Entered Level 5 of the Dungeon
  3209 | D:5      | Found a radiant altar of Vehumet.
  3334 | D:5      | HP: 2/61 [orc priest/divine providence (15)]
  4272 | D:6      | Found a sand-covered staircase.
  4481 | Ossuary  | Entered an ossuary
  4507 | Ossuary  | Reached * piety under Trog
  4955 | D:6      | Reached XP level 8. HP: 56/70 MP: 7/7
  5926 | D:7      | Noticed Joseph
  5995 | D:6      | HP: 3/71 [poisoned by a killer bee]
  6000 | D:6      | HP: 2/71 [poisoned by a killer bee]
  6007 | D:6      | HP: 2/71 [poisoned by a killer bee]
  6015 | D:6      | HP: 2/71 [poisoned by a killer bee]
  6436 | D:7      | Slain by Joseph

Vault maps used:
D:1:      co_arrival_hexagon_in_a_hexagon
D:2:      overflow_temple_1_default, xom_teletrap_fun, uniq_robin
D:4:      lemuel_temple_firewalk_a, first_ration
D:5:      kennysheep_mini_moat, glass_columns_a, minmay_misc_feat_secret_circle
D:6:      gup_ossuary_entry_pyramid
D:7:      lemuel_doored_altar, biasface_ghost_orc_armoury, the_bakery,
          uniq_joseph, uniq_menkaure
Temple:   eino_temple_rhombus
Ossuary:  minmay_ossuary_gauntlet

Skill      XL: |  1  2  3  4  5  6  7  8 |
---------------+-------------------------+-----
Axes           | 3 4 5 6 |  6.7
Fighting       | 4 5 6 |  6.6
Armour         | 4 5 6 |  6.7
Shields        | 4 5 6 |  6.6
Polearms       | 1 2 3 4 |  4.7
Throwing       | 1 2 3 |  3.8

Action                   |  1- 3 |  4- 6 |  7- 9 || total
-------------------------+-------+-------+-------++-------
Melee: War axe           |    37 |       |       ||    37
       Headbutt          |    13 |    25 |    41 ||    79
       Whip              |    50 |    47 |    58 ||   155
       Spear             |       |   116 |   101 ||   217
       Morningstar       |       |       |    37 ||    37
       Hand axe          |       |       |    10 ||    10
Throw: Javelin           |       |     5 |       ||     5
Invok: Berserk           |       |       |     1 ||     1
  Use: Scroll            |       |       |     2 ||     2
  Eat: Chunk             |       |     7 |     2 ||     9
       Ration            |       |       |     3 ||     3
Armor: Scale mail        |    48 |    54 |    65 ||   167
Dodge: Dodged            |    25 |    32 |    69 ||   126
Block: Shield            |    41 |    55 |   129 ||   225

Table legend:
 A = Spawn XP
 B = Non-spawn XP
 C = Spawn XP percentage of total XP
 D = Spawn monster count
 E = Non-spawn monster count
 F = Spawn count percentage of total count
 G = Total turns spent on level
                    A         B        C        D         E        F      G
               +---------+---------+-------+---------+---------+-------+---------
         Total |       0 |    2489 |   0.0 |       0 |     149 |   0.0 |  6436
               +---------+---------+-------+---------+---------+-------+---------
           D:1 |       0 |      70 |   0.0 |       0 |      27 |   0.0 |   626
           D:2 |       0 |      94 |   0.0 |       0 |      34 |   0.0 |   783
           D:3 |       0 |     125 |   0.0 |       0 |      21 |   0.0 |   666
           D:4 |       0 |     450 |   0.0 |       0 |      15 |   0.0 |  1030
           D:5 |       0 |     231 |   0.0 |       0 |       9 |   0.0 |   954
           D:6 |       0 |    1178 |   0.0 |       0 |      22 |   0.0 |  1863
           D:7 |       0 |     126 |   0.0 |       0 |       5 |   0.0 |    54
       Ossuary |       0 |     215 |   0.0 |       0 |      16 |   0.0 |   438
               +---------+---------+-------+---------+---------+-------+---------
